[Event "*** SCC Grand Prix: Titled Tuesday Blitz"]
[Site "Chess.com"]
[Date "2020.08.25"]
[Round "6"]
[White "Misticpikachu"]
[Black "Beltraxtor"]
[Result "0-1"]
[WhiteElo "2328"]
[BlackElo "2542"]
[TimeControl "180+1"]
[EndTime "11:09:30 PDT"]
[Termination "Beltraxtor won by resignation"]

1. c4 c6 2. Nf3 Nf6 3. e3 d5 4. Nc3 a6 5. b3 Bf5 6. Bb2 e6 7. d4 Nbd7 8. Bd3 Bxd3 9. Qxd3 Qa5 10. O-O b5 11. e4 b4 12. e5 bxc3 13. Bxc3 Bb4 14.
Bxb4 Qxb4 15. exf6 Nxf6 16. Ne5 Qb7 17. cxd5 cxd5 18.
Rac1 O-O 19. Rc6 Nd7 20. Rfc1 Nxe5 21. dxe5 Rfc8 22. Qc3 Rxc6 23. Qxc6 Qxc6 24. Rxc6 g5 25. g4 a5 26. Kg2 a4 27. b4 a3 28. Rc3 Ra4 29.
Rb3 Kf8 30. Kg3 Ke7 31. Kf3 Kd7 32. Ke3 Kc6 33. h3 Kb5 34. Kd3 h6 35. Kc3 Ra7 36.
Kd3 Ra6 37. Kc3 Ka4 38. Kd4 Rb6 39. Kc3 Rb7 40. b5 Rxb5 41. Rxb5 Kxb5 42. Kb3 d4 43. Kxa3 Kc4 44. Kb2 Kd3 45. a4 Ke2 46. a5 d3 47.
a6 d2 48. a7 d1=Q 49. a8=Q Qd4+ 50. Kb3 Kxf2 51. Qf8 Qe3+ 52. Kc4 Kg3 53. Qxf7 Qf4+ 54. Qxf4+ gxf4 55. g5 hxg5 0-1

[Event "*** SCC Grand Prix: Titled Tuesday Blitz"]
[Site "Chess.com"]
[Date "2020.08.25"]
[Round "6"]
[White "Miss_JJ20"]
[Black "ruslansezdbekov"]
[Result "1-0"]
[WhiteElo "2423"]
[BlackElo "2538"]
[TimeControl "180+1"]
[EndTime "11:09:30 PDT"]
[Termination "Miss_JJ20 won on time"]

1. d4 Nf6 2. c4 g6 3. g3 Bg7 4. Bg2 O-O 5. Nc3 c6 6. Nf3 d5 7.
cxd5 cxd5 8. Ne5 e6 9. O-O Nfd7 10. Bf4 Nc6 11. Nxc6 bxc6 12. Qa4 Bb7 13. Rfd1 a5 14. e4 Nb6 15. Qc2 Rc8 16. Rac1 g5 17. Be3 Nc4 18. Na4 Nxe3 19. fxe3 Ba8 20. e5 f6 21. Nc5 Qe7 22. exf6 Rxf6 23. Bh3 h5 24. Rf1 g4 25.
Bg2 Rcf8 26. Rxf6 Rxf6 27. Rf1 e5 28. Rxf6 Bxf6 29. Qg6+ Kf8 30. Qxf6+ Qxf6 31. Nd7+ Ke7 32. Nxf6 Kxf6 33. Kf2 e4 34. Bf1 Ke7 35. Ba6 Kd6 36. a3 Kc7 37. Be2 Kb6 38. Bf1 c5 39. h3 cxd4 40.
exd4 Bc6 41. hxg4 hxg4 42. Be2 Bd7 43. Ke3 a4 44. Kf4 Bb5 45. Bxg4 Bd3 46. Ke3 Kb5 47. Bd7+ Kc4 48. Bxa4 Bf1 49. g4 Bh3 50. g5 Bf5 51. Be8 Kb3 52. g6 Kxb2 53. a4 Be6 54. a5 1-0

[Event "*** SCC Grand Prix: Titled Tuesday Blitz"]
[Site "Chess.com"]
[Date "2020.08.25"]
[Round "6"]
[White "GaboSalazar2001"]
[Black "Jovidon91"]
[Result "1/2-1/2"]
[WhiteElo "2297"]
[BlackElo "2464"]
[TimeControl "180+1"]
[EndTime "11:09:30 PDT"]
[Termination "Game drawn by repetition"]

1. e4 c5 2. Nf3 e6 3. c4 a6 4. d4 cxd4 5. Nxd4 Qc7 6. Nc3 Nf6 7. Be2 Bb4 8. Qd3 Nc6 9. O-O O-O 10. Bg5 Be7 11.
Rac1 d6 12. Nxc6 Qxc6 13. f4 Bd7 14. Kh1 h6 15. Bh4 Rfe8 16. Bf3 Qc5 17. Bf2 Qc7 18.
Rfd1 Bc6 19. Nd5 Qd8 20. Bb6 Qd7 21. Nc7 Rac8 22. Nxe8 Qxe8 23. e5 dxe5 24. fxe5 Bxf3 25. exf6 Bxd1 26. fxe7 Ba4 27. Qd8 Bc6 28. Rd1 Kh7 29.
Qxe8 Rxe8 30. Bc5 f5 31. Rd8 Kg6 32. Rxe8 Bxe8 33. Kg1 e5 34. Bd6 Kf6 35. c5 Ke6 36. Kf2 g5 37. Ke3 Kd5 38. b3 e4 39. g3 Bc6 40. a4 Be8 41. Bc7 Kxc5 42. Be5 Kd5 43. Bg7 h5 44. Bh6 Ke6 45. Bxg5 Bd7 46. h4 Be8 47. Kf4 Bf7 48. Ke3 Be8 49. b4 Bxa4 50. Kd4 Be8 51. Kc5 Bc6 52. Kb6 Kd7 53.
Kc5 Bb5 54. Kb6 Bc6 55. Kc5 Ke6 56. Kd4 Be8 57. Kc5 Bc6 1/2-1/2

[Event "*** SCC Grand Prix: Titled Tuesday Blitz"]
[Site "Chess.com"]
[Date "2020.08.25"]
[Round "6"]
[White "Ashedu66"]
[Black "Larina_Marija"]
[Result "1-0"]
[WhiteElo "2193"]
[BlackElo "2079"]
[TimeControl "180+1"]
[EndTime "11:09:30 PDT"]
[Termination "Ashedu66 won on time"]

1. d4 f5 2. Bg5 g6 3. Nc3 Bg7 4. e4 fxe4 5. Nxe4 Nf6 6. Ng3 d6 7. h4 Bg4 8. Be2 Qd7 9. f3 Be6 10. h5 Bf7 11. Bd3 Nc6 12. N1e2 Nb4 13. Nf4 Nxd3+ 14.
Qxd3 Nxh5 15. Ngxh5 gxh5 16. Nxh5 Bf8 17. O-O-O O-O-O 18. g4 Bg6 19. Qa3 Qc6 20. Rd2 Kb8 21. Nf4 Bf7 22.
d5 Qb6 23. Re1 Re8 24. Bh4 Bg7 25. Bf2 Qa6 26. Qxa6 bxa6 27. Rde2 Bh6 28. Be3 Bxf4 29. Bxf4 Bxd5 30. Rxe7 Rxe7 31. Rxe7 Bxf3 32. g5 Rf8 33. Be3 Rh8 34. Bd4 Rg8 35. Bf6 Bh5 36. Rxh7 Bg6 37.
Rh2 Kb7 38. Kd2 Kc6 39. Rf2 Kd5 40. c3 c5 41. Re2 Kc6 42. Re7 d5 43. Rxa7 Kb6 44.
Re7 c4 45. Ke3 Be4 46. Kd4 Rg6 47. Re6+ Kb7 48. Ke5 a5 49. Rd6 Rg8 50. Rd7+ Kc6 51. Re7 Rg6 52. Kd4 Kb6 53. Re6+ Kb7 54. Kc5 Rg8 55.
Re7+ Ka6 56. Rc7 1-0

[Event "*** SCC Grand Prix: Titled Tuesday Blitz"]
[Site "Chess.com"]
[Date "2020.08.25"]
[Round "6"]
[White "ChessBitl"]
[Black "Dedic8"]
[Result "1/2-1/2"]
[WhiteElo "2513"]
[BlackElo "2742"]
[TimeControl "180+1"]
[EndTime "11:09:31 PDT"]
[Termination "Game drawn - insufficient material"]

1. e4 e5 2. Nf3 Nc6 3. d4 exd4 4.
Bc4 Nf6 5. O-O Be7 6. Nxd4 Nxe4 7. Re1 d5 8. Bb5 Bd7 9. c4 O-O 10. cxd5 Nxd4 11. Bxd7 Qxd7 12. Rxe4 Nf5 13. Nc3 Bf6 14. Qb3 Rae8 15. Bf4 Bxc3 16. Rxe8 Rxe8 17. bxc3 c6 18. d6 Nxd6 19. Bxd6 Qxd6 20. Qxb7 Qc5 21. Qb4 Qf5 22.
h3 h5 23. Rd1 Re2 24. Qb8+ Kh7 25. Qxa7 c5 26. Rf1 Rc2 27. a4 Rxc3 28. a5 Ra3 29. Rc1 c4 30. a6 c3 31. Qd4 c2 32. Qb2 Rxa6 33. Qxc2 Qxc2 34. Rxc2 Kg6 35. g3 h4 36. Kg2 Ra4 37. Rd2 hxg3 38. fxg3 Ra3 39. Rc2 f6 40.
Rd2 Kg5 41. Rd5+ f5 42. g4 Ra2+ 43. Kg3 Ra3+ 44. Kg2 g6 45. gxf5 gxf5 46. Rb5 Rd3 47. Ra5 Kf4 48. Ra4+ Ke3 49. Kg3 Rd1 50. Ra3+ Ke4 51. Ra4+ Ke5 52. Ra5+ Kf6 53. h4 Rd3+ 54. Kf4 Rd4+ 55. Kg3 Rg4+ 56. Kh3 Rg1 57. Ra6+ Kg7 58. h5 Rh1+ 59. Kg3 Rxh5 60. Kf4 Kf7 61. Rb6 Kg7 62. Ra6 Kh7 63. Rb6 Kg7 64. Rc6 Rh6 65. Rxh6 Kxh6 66.
Kxf5 1/2-1/2

[Event "*** SCC Grand Prix: Titled Tuesday Blitz"]
[Site "Chess.com"]
[Date "2020.08.25"]
[Round "6"]
[White "IngOscarArdila"]
[Black "Colombiano07"]
[Result "1/2-1/2"]
[WhiteElo "2191"]
[BlackElo "2303"]
[TimeControl "180+1"]
[EndTime "11:09:34 PDT"]
[Termination "Game drawn by repetition"]

1. d4 d5 2. Nf3 Bf5 3. g3 e6 4. Bg2 h6 5. O-O Nf6 6. Nbd2 Be7 7. e3 O-O 8. b3 c5 9. c3 Nc6 10.
Bb2 b5 11. dxc5 Bxc5 12. Nd4 Nxd4 13. exd4 Be7 14. Qe2 Qb6 15. Nf3 a5 16. Ne5 a4 17.
Rfe1 Rfc8 18. Rac1 axb3 19. axb3 Ra2 20. Ra1 Qa6 21.
Qd2 Ra8 22. f3 Qb6 23. Bf1 Bd6 24. Nd3 Bxd3 25. Bxd3 g6 26. Rxa2 Rxa2 27. Bb1 Ra8 28. Qxh6 b4 29. Bxg6 Bf8 30. Qg5 fxg6 31. Qxf6 Bg7 32.
Qxg6 bxc3 33. Bxc3 Qxb3 34. Qxe6+ Kh8 35. Qe3 Rc8 36. Bd2 Qc4 37. Kg2 Qxd4 38. Qg5 Rc2 39. Re2 Kg8 40. h4 Qd3 41. Qd8+ Kh7 42. Qe8 Rxd2 43.
Rxd2 Qxd2+ 44. Kh3 Qd4 45. Qh5+ Kg8 46. Qe8+ Bf8 47. Qg6+ Qg7 48. Qe6+ Qf7 49. Qg4+ Kh7 50. h5 Bg7 51. Kg2 d4 52. Qe4+ Kh6 53. g4 Kg5 54. Kf2 Kh4 55. Kg2 Qf6 56. Qe1+ Kg5 57. Qd2+ Qf4 58.
Qd3 Qe3 59. Qg6+ Kh4 60. Qxg7 Qe2+ 61. Kg1 Qe1+ 62. Kg2 Qe2+ 63. Kg1 Qe1+ 64. Kg2 Qe2+ 1/2-1/2

[Event "*** SCC Grand Prix: Titled Tuesday Blitz"]
[Site "Chess.com"]
[Date "2020.08.25"]
[Round "6"]
[White "talman67"]
[Black "Skatchkov_V"]
[Result "0-1"]
[WhiteElo "2509"]
[BlackElo "2687"]
[TimeControl "180+1"]
[EndTime "11:09:36 PDT"]
[Termination "Skatchkov_V won by resignation"]

1. e4 e5 2. Nf3 Nf6 3. Nc3 Nc6 4.
d4 exd4 5. Nxd4 Bb4 6. Nxc6 bxc6 7. Bd3 d5 8. exd5 O-O 9. O-O Bg4 10. Qd2 cxd5 11. Qf4 Bd6 12. Qg5 c6 13. h3 Bh5 14.
Qh4 Rb8 15. Bg5 Bg6 16. Bxf6 Qxf6 17. Qxf6 gxf6 18. Rab1 Rfe8 19. b3 Kg7 20. Rfd1 a5 21.
Kf1 Be5 22. Na4 h5 23. g3 h4 24. f4 Bd6 25. f5 Bh7 26. g4 Re3 27. Kf2 Rxh3 28. Rh1 Rxh1 29. Rxh1 Bg3+ 30. Kf3 Rb4 31. c4 Kh6 32. Nc3 Kg5 33. Ne2 Be5 34. Ng1 a4 35. Nh3+ Kh6 36. Rb1 Kg7 37. Nf4 Kf8 38. Nh3 Ke7 39. g5 fxg5 40. Nxg5 Bg8 41. Kg4 f6 42. Nf3 dxc4 43. bxc4 Rxb1 44. Bxb1 Bxc4 45. Nxh4 Kd6 46. Kf3 Kc5 47. Ke4 Kb4 48. Nf3 Bc3 49. Nd4 Bxd4 50. Kxd4 c5+ 51. Ke3 Ka3 52. Kd2 Bxa2 53. Bc2 Bb3 54. Be4 Kb4 55. Kc1 a3 56. Kb1 Kc3 57. Ka1 Bc2 58. Bd5 Bxf5 59. Ka2 Kb4 0-1

[Event "*** SCC Grand Prix: Titled Tuesday Blitz"]
[Site "Chess.com"]
[Date "2020.08.25"]
[Round "6"]
[White "SilviusTiberius"]
[Black "el-roedor"]
[Result "1/2-1/2"]
[WhiteElo "2477"]
[BlackElo "2636"]
[TimeControl "180+1"]
[EndTime "11:09:36 PDT"]
[Termination "Game drawn by stalemate"]

1. e4 c5 2. Nf3 Nc6 3. d4 cxd4 4. Nxd4 g6 5. Nc3 Bg7 6. Be3 Nf6 7. Bc4 O-O 8. Bb3 a5 9. O-O d6 10. h3 Nxd4 11.
Bxd4 Bd7 12. Re1 Bc6 13. a4 e5 14. Be3 Nxe4 15. Nxe4 Bxe4 16. Bd5 Bxd5 17. Qxd5 Qc7 18. c3 Qc6 19. Red1 Rfd8 20. Rd2 Rd7 21. c4 Ra6 22. b3 Qxd5 23. Rxd5 f5 24. f3 Kf7 25. Rad1 Ke6 26.
Bd2 b6 27. Be3 Bf6 28. Rb5 Bd8 29. Rdd5 Bc7 30. g4 Rf7 31. Kg2 Kd7 32. Rd1 Kc6 33.
Rbd5 Ra8 34. Bg5 Raf8 35. Bh6 Re8 36. Bg5 e4 37. gxf5 gxf5 38. Bf4 Re6 39. Kf2 Rff6 40.
Bg5 Rf7 41. Bf4 exf3 42. Kxf3 Rff6 43. Rg1 Rg6 44. Rg5 Rxg5 45. Bxg5 Re5 46. Rd1 d5 47. Bf4 Re4 48. cxd5+ Kd7 49. Bxc7 Kxc7 50. Rg1 Rb4 51.
Rg7+ Kd6 52. Rxh7 Kxd5 53. Rd7+ Ke5 54. Rd3 Kf6 55. Kg3 Kg5 56. Rc3 Kh5 57. Rd3 Kg5 58. Rc3 Rd4 59. Kf3 Kh4 60. Rc4 Rxc4 61. bxc4 Kxh3 62.
Kf4 Kg2 63. Kxf5 Kf3 64. Ke5 Ke3 65. Kd5 Kd3 66. c5 bxc5 67. Kxc5 Ke4 68. Kb5 Kd5 69. Kxa5 Kc6 70. Ka6 Kc7 71. Ka7 Kc8 72. a5 Kc7 73. a6 Kc8 74. Ka8 Kc7 75. a7 Kc8 1/2-1/2

[Event "*** SCC Grand Prix: Titled Tuesday Blitz"]
[Site "Chess.com"]
[Date "2020.08.25"]
[Round "6"]
[White "Khazieva_Elza"]
[Black "MVM2008"]
[Result "1-0"]
[WhiteElo "2420"]
[BlackElo "2227"]
[TimeControl "180+1"]
[EndTime "11:09:36 PDT"]
[Termination "Khazieva_Elza won on time"]

1. e4 c5 2. Nf3 e6 3. d3 d5 4. Nbd2 Nc6 5. g3 Nf6 6. Bg2 dxe4 7. dxe4 e5 8. O-O Be7 9. c3 O-O 10. Qe2 Qc7 11. Rd1 h6 12. Nf1 Be6 13. Nh4 Rad8 14. Ne3 Rfe8 15. Nhf5 Bf8 16. Qf3 g6 17. Nxh6+ Bxh6 18. Qxf6 Bg7 19. Qf3 Rxd1+ 20. Nxd1 Na5 21. b3 b5 22. h4 b4 23. Bb2 Qc8 24. Ne3 Rd8 25.
cxb4 cxb4 26. Rc1 Qd7 27. Nd5 Bxd5 28. exd5 e4 29. Qe2 Bxb2 30. Qxb2 Qxd5 31. Re1 Qd2 32. Qxd2 Rxd2 33. Rxe4 Rxa2 34. Rxb4 Rb2 35. Bd5 Ra2 36. Rb5 Ra3 37. Kg2 Kg7 38. g4 Kf6 39. h5 gxh5 40. gxh5 Kg7 41. Kg3 f6 42. Kg4 Kh6 43. f4 f5+ 44. Kxf5 Kxh5 45. Bf7+ Kh4 46.
Bd5 Kg3 47. Kg5 Kf2 48. f5 Ke3 49. f6 Kd4 50. f7 Ra1 51. f8=Q Rg1+ 52. Kh4 Rh1+ 53.
Bxh1 1-0

[Event "*** SCC Grand Prix: Titled Tuesday Blitz"]
[Site "Chess.com"]
[Date "2020.08.25"]
[Round "6"]
[White "snowlord"]
[Black "Rytenko_V"]
[Result "1-0"]
[WhiteElo "2806"]
[BlackElo "2506"]
[TimeControl "180+1"]
[EndTime "11:09:39 PDT"]
[Termination "snowlord won by resignation"]

1. e4 c5 2. Nf3 d6 3. Nc3 Nf6 4. d4 cxd4 5. Nxd4 g6 6. Be3 Bg7 7.
f3 O-O 8. Qd2 Nc6 9. O-O-O d5 10. exd5 Nxd5 11. Nxc6 bxc6 12. Bd4 e5 13. Bc5 Be6 14.
Ne4 Qc7 15. Bc4 Rfd8 16. Qf2 Bh6+ 17. Kb1 f5 18. Qh4 fxe4 19. Qxh6 Nc3+ 20. bxc3 Bxc4 21. a3 Rab8+ 22. Kc1 Rd5 23. Rxd5 cxd5 24. Qe3 Rb5 25. Bxa7 Qa5 26. fxe4 Qxa3+ 27. Kd2 d4 28. Bxd4 exd4 29. Qxd4 Qc5 30. Ra1 Qc8 31. Ra7 Bf7 32. Rd7 Rb8 33. Qd6 Qf8 34. Qxf8+ Rxf8 35. Ke3 Re8 36. Kd4 Be6 37.
Rc7 Bf7 38. c4 Kg7 39. c5 Rd8+ 40. Ke5 Re8+ 41. Kd4 Kf6 42. Rc6+ Be6 43. Rd6 Rc8 44. c6 Ke7 45. Kc5 Ra8 46. Rd4 Ra2 47. Rd2 Ra4 48.
c7 Rc4+ 49. Kb6 Rxe4 50. c3 Rc4 51. Rd3 g5 52. Kb7 Kf6 53. Rd6 Ke5 54. Rxe6+ Kxe6 55. c8=Q+ Rxc8 56. Kxc8 Kd5 57. Kd7 Ke4 58. Ke6 g4 59.
c4 Ke3 60. c5 Kf2 61. g3 Kg2 62.
Kf5 Kxh2 63. Kxg4 1-0

[Event "*** SCC Grand Prix: Titled Tuesday Blitz"]
[Site "Chess.com"]
[Date "2020.08.25"]
[Round "6"]
[White "BeanScreen"]
[Black "rasmussvane"]
[Result "0-1"]
[WhiteElo "2687"]
[BlackElo "2863"]
[TimeControl "180+1"]
[EndTime "11:09:42 PDT"]
[Termination "rasmussvane won by resignation"]

1. e4 c6 2. d4 d5 3. exd5 cxd5 4. Bd3 Nf6 5. c3 Nc6 6. Bf4 Bg4 7. Qb3 Qd7 8. Nd2 e6 9. Ngf3 Bd6 10. Bxd6 Qxd6 11.
O-O O-O 12. Rfe1 Qc7 13. Qc2 Rac8 14. Rac1 Bxf3 15. Nxf3 a6 16. a4 Rfe8 17. Ne5 h6 18. Qd2 Qa5 19. Re3 Nxd4 20. Rg3 Kf8 21. b4 Qc7 22.
Re1 Qxc3 23. Qxc3 Rxc3 24. Nxf7 Ne4 25. Bxe4 Ne2+ 26. Kh1 Nxg3+ 27. hxg3 Kxf7 28. Bf3 Kf6 29. Kh2 Re7 30. Rd1 Rc4 31. Rb1 Rec7 32. a5 Rc1 33. Rb3 R7c3 34. Rb2 R1c2 35. Rb1 Rxf2 36. Kh3 Rcc2 37.
b5 Rb2 38. bxa6 bxa6 39. Rc1 Rb5 40. Rc6 Rxa5 41. Bg4 Ke5 42. Rxe6+ Kd4 43. Rg6 Rf7 44. Bc8 Rc7 45. Bxa6 Kc3 46. Be2 d4 47. Rd6 Rcc5 48.
Bf3 d3 49. Kh4 d2 50. g4 Ra4 51. Kg3 Rd4 52. Rg6 Rc7 53. Bd1 Kb2 54. Ra6 Rc1 55.
Rb6+ Kc3 56. Bf3 d1=Q 57. Rc6+ Kd2 58. Bxd1 Rxc6 59. Bf3 Rc3 60. Kh4 Rxf3 61. gxf3 Ke3 62. Kh5 Kxf3 0-1

[Event "*** SCC Grand Prix: Titled Tuesday Blitz"]
[Site "Chess.com"]
[Date "2020.08.25"]
[Round "6"]
[White "zmeeed67"]
[Black "alfiefischer77"]
[Result "0-1"]
[WhiteElo "2429"]
[BlackElo "2302"]
[TimeControl "180+1"]
[EndTime "11:09:43 PDT"]
[Termination "alfiefischer77 won by checkmate"]

1. e4 c5 2. g3 d5 3. exd5 Qxd5 4. Qf3 Nf6 5. Bg2 Qxf3 6. Nxf3 Nc6 7. O-O g6 8. Nc3 Bg7 9. d3 O-O 10. a3 Rd8 11. Bf4 Bd7 12. Ne5 Rac8 13. Nxd7 Rxd7 14.
Ne2 Nd5 15. Bc1 Nd4 16. Nxd4 cxd4 17. Bg5 f6 18. Bh3 f5 19. Rac1 Kf7 20. Bg2 e6 21. Rfe1 Rdc7 22. Re2 Re8 23. Bf4 Nxf4 24. gxf4 Bh6 25.
Rce1 Bxf4 26. Bd5 Rce7 27. Bc4 Kf6 28. Kg2 e5 29. f3 Bg5 30. c3 Be3 31. h4 a6 32. Bd5 b5 33. c4 bxc4 34. Bxc4 a5 35.
a4 Rb8 36. b3 Rc7 37. Rxe3 dxe3 38. Rxe3 Rd7 39. Re1 Rd4 40. Kf2 Rxh4 41. Ke3 Rh2 42. Rg1 Rd8 43. f4 exf4+ 44. Kxf4 Rd4+ 45. Kg3 Rd8 46. Kxh2 g5 47. Re1 f4 48. Re6+ Kf5 49. Ra6 h5 50. Be6+ Ke5 51. Bc4 Kd4 52. Rxa5 Ke3 53. Rxg5 f3 54. Rxh5 f2 55. Rf5 Rd4 56. Kg2 Rg4+ 57.
Kh2 Rh4+ 58. Kg3 Rh7 59. Rxf2 Rg7+ 60. Kh4 Kxf2 61. Kh5 Kf3 62. d4 Rd7 63. d5 Ke4 64. a5 Kf5 65. a6 Rh7# 0-1

[Event "*** SCC Grand Prix: Titled Tuesday Blitz"]
[Site "Chess.com"]
[Date "2020.08.25"]
[Round "6"]
[White "Jumbo"]
[Black "Gurvich_Vitaly"]
[Result "0-1"]
[WhiteElo "2786"]
[BlackElo "2620"]
[TimeControl "180+1"]
[EndTime "11:09:45 PDT"]
[Termination "Gurvich_Vitaly won on time"]

1. e4 c5 2. Nf3 Nc6 3. Bb5 e6 4. O-O Nge7 5. d4 cxd4 6. Nxd4 Nxd4 7. Qxd4 a6 8. Ba4 b5 9. Bb3 Nc6 10. Qc3 Bb7 11. Bf4 Rc8 12. Qg3 Nd4 13. Re1 d5 14.
Nc3 Nxb3 15. axb3 d4 16. Rad1 Qb6 17. Nd5 exd5 18. exd5+ Kd8 19. c3 Qg6 20. Qh4+ f6 21.
Rxd4 Bc5 22. Rd2 Re8 23. Red1 Re7 24. Qh3 Re4 25. Bg3 Ke8 26. b4 Bb6 27. d6 Rd8 28.
d7+ Kf7 29. Kh1 h5 30. f3 Re6 31. Qh4 Bc6 32. c4 Be3 33. Re2 Bg5 34. Rxe6 Bxh4 35.
Rxc6 Bxg3 36. Rc8 Qc2 37. Rf1 Qe2 38. Rg1 Rxd7 39. hxg3 h4 40. gxh4 Rd4 41. Kh2 Rxh4+ 42.
Kg3 Rh6 43. Rc7+ Kg6 44. Rc5 Rh5 45. Rxh5 Kxh5 46. cxb5 axb5 47. Rc1 Qe5+ 48. Kh3 Qxb2 49. Rc5+ g5 50. Rxb5 Qc1 51. Kg3 Qe1+ 52. Kh2 Kg6 53. Rb6 Qe5+ 54. Kh1 Qa1+ 55. Kh2 Kf5 56. Rb5+ Kf4 57.
Rc5 Ke3 58. Rc4 Kd3 59. Re4 f5 60. Re8 Kd2 61. Re7 Qd4 62. Re6 Qxb4 0-1

[Event "*** SCC Grand Prix: Titled Tuesday Blitz"]
[Site "Chess.com"]
[Date "2020.08.25"]
[Round "6"]
[White "davigator"]
[Black "biostatistician"]
[Result "1-0"]
[WhiteElo "2342"]
[BlackElo "2479"]
[TimeControl "180+1"]
[EndTime "11:09:45 PDT"]
[Termination "davigator won on time"]

1. e4 e6 2. d4 d5 3. Nc3 Nc6 4. Nf3 Nf6 5. Bd3 Nb4 6. e5 Nxd3+ 7. cxd3 Nd7 8. O-O Be7 9. Be3 O-O 10. Rc1 b6 11.
Nb5 c5 12. Nd6 Ba6 13. dxc5 bxc5 14. Bxc5 Nxc5 15. Rxc5 Bxd6 16. exd6 Qxd6 17. b4 e5 18. Re1 Rfe8 19. d4 exd4 20. Nxd4 Bc4 21. a3 g6 22. h3 Qf4 23. Nf3 Rac8 24. Rxc8 Rxc8 25. Qd4 Qc7 26. Re3 Qb6 27. Re7 Qxd4 28. Nxd4 a6 29. Rd7 Re8 30. Nf3 Re2 31. g4 Ra2 32. Ne5 Rxa3 33. Nxf7 Rxh3 34. g5 Rb3 35. Nh6+ Kf8 36. Rf7+ Ke8 37. Rxh7 Rxb4 38. Nf7 Bb5 39. Nd6+ Kd8 40. Rg7 d4 41. Nb7+ Kc8 42.
Nd6+ Kb8 43. Rxg6 d3 44. Rg8+ Kc7 45. Nf5 d2 46. Ne3 Rb1+ 47. Kg2 d1=Q 48. Nxd1 Rxd1 49.
g6 Bc4 50. Ra8 Rd6 51. Ra7+ Kb6 52. Rg7 a5 53. f4 Bd3 54. Kf3 Rxg6 55. Rd7 Bc2 56.
Rd2 Rc6 57. Ke3 a4 58. Rd8 a3 59.
Ra8 1-0

[Event "*** SCC Grand Prix: Titled Tuesday Blitz"]
[Site "Chess.com"]
[Date "2020.08.25"]
[Round "6"]
[White "nrvisakh"]
[Black "LiemLe"]
[Result "0-1"]
[WhiteElo "2807"]
[BlackElo "2941"]
[TimeControl "180+1"]
[EndTime "11:09:46 PDT"]
[Termination "LiemLe won by resignation"]

1. e4 c6 2. d4 d5 3. Nc3 dxe4 4. Nxe4 Bf5 5. Ng3 Bg6 6. Nf3 Nf6 7. Bd3 e6 8. O-O Nbd7 9. Re1 Be7 10. Qe2 c5 11. dxc5 Bxd3 12. Qxd3 Nxc5 13. Qb5+ Qd7 14. Qe2 O-O 15.
Ne5 Qc7 16. Bf4 Nd5 17. Bd2 b5 18. Qxb5 Rab8 19. Qc6 Rxb2 20. Qxc7 Nxc7 21. Be3 Nd5 22. Nc6 Bd6 23. Bd4 Rxc2 24. Nxa7 Ra8 25. Nb5 Bf8 26. Re2 Rc4 27. Rd2 Nb3 28. axb3 Rxa1+ 29. Bxa1 Rc1+ 30. Nf1 Rxa1 31. Nd4 Rb1 32. g3 g6 33. Kg2 Bc5 34. h4 Kg7 35. Nh2 Bxd4 36.
Rxd4 Rxb3 37. Rd2 Nf6 38. Nf3 Ne4 39. Re2 Rb4 40. Re3 h6 41. Ne5 f5 42. Re2 g5 43.
hxg5 hxg5 44. Rc2 Kf6 45. Nf3 g4 46. Ng1 Rb1 47. Ne2 Ng5 48. Ng1 Re1 49. Ra2 Kg6 50.
Rb2 Kf6 51. Ra2 Rd1 52. Rb2 Rd3 53. Ra2 Nf3 54. Nxf3 gxf3+ 55. Kh2 e5 56. Ra6+ Kg5 57. Ra8 Rd2 58. Rg8+ Kh6 59. Kg1 Rd1+ 60. Kh2 e4 61.
g4 f4 62. Rf8 Kg5 63. Rg8+ Kh4 64. Rf8 Rf1 65. Rg8 Rxf2+ 66. Kg1 Kg3 0-1

[Event "*** SCC Grand Prix: Titled Tuesday Blitz"]
[Site "Chess.com"]
[Date "2020.08.25"]
[Round "6"]
[White "GelmanAlexander"]
[Black "Gloomy_Wanderer"]
[Result "1/2-1/2"]
[WhiteElo "2560"]
[BlackElo "2762"]
[TimeControl "180+1"]
[EndTime "11:09:49 PDT"]
[Termination "Game drawn by repetition"]

1. d4 Nf6 2. Nc3 d5 3. Bf4 c5 4. e3 cxd4 5. exd4 a6 6. Nf3 Bg4 7. h3 Bxf3 8. Qxf3 Nc6 9. O-O-O e6 10. g4 Bd6 11. Kb1 Bxf4 12. Qxf4 Qb8 13. Qe3 Qd6 14. f4 O-O-O 15. a3 Kb8 16. Bd3 Rc8 17. Rhe1 g6 18. f5 exf5 19. gxf5 Rhe8 20. Qf2 Nh5 21. fxg6 fxg6 22.
Qf7 Nf6 23. Rxe8 Rxe8 24. Rf1 Rf8 25. Qg7 Qe7 26. Qh6 Nd7 27. Rxf8+ Nxf8 28. Qf4+ Ka7 29.
Nxd5 Qe1+ 30. Ka2 Ne6 31. Qd6 Nexd4 32. Qc5+ Kb8 33. Bxa6 Qa5 34. Qxa5 Nxa5 35. Bd3 Nac6 36.
c3 Ne6 37. Nf6 Ne5 38. Bc2 h6 39. b4 Nf4 40. h4 Nf3 41. h5 gxh5 42. Bd1 Ng5 43.
Nxh5 Nd5 44. Kb3 Ne4 45. c4 Ne3 46. Be2 Kc7 47. c5 Nf5 48. Bd3 Neg3 49. Bxf5 Nxf5 50. Kc4 Ne3+ 51. Kb5 Nd5 52. a4 Nc3+ 53. Ka5 Kc6 54.
Ng3 Nd5 55. Ne4 h5 56. b5+ Kc7 57. Ng5 h4 58. Nh3 Kc8 59. b6 Kd7 60. Kb5 Nc3+ 61. Kb4 Nd5+ 62. Kc4 Kc6 63. a5 Ne3+ 64. Kb4 Nd5+ 65.
Kc4 Ne3+ 66. Kd4 Nf5+ 67. Ke5 Ne3 68. Kd4 Nf5+ 69. Kc4 Ne3+ 1/2-1/2

[Event "*** SCC Grand Prix: Titled Tuesday Blitz"]
[Site "Chess.com"]
[Date "2020.08.25"]
[Round "6"]
[White "Ze-Pequeno"]
[Black "KonstantinB_1983"]
[Result "1-0"]
[WhiteElo "2148"]
[BlackElo "2370"]
[TimeControl "180+1"]
[EndTime "11:09:50 PDT"]
[Termination "Ze-Pequeno won on time"]

1. e4 d5 2. exd5 Qxd5 3. Nc3 Qd6 4. d4 Nf6 5. Nf3 a6 6. g3 Bg4 7. Bg2 Nc6 8. O-O O-O-O 9. d5 Ne5 10. Bf4 Nxf3+ 11.
Bxf3 Bxf3 12. Qxf3 e5 13. dxe6 Qxe6 14. Bg5 Bd6 15. Bxf6 gxf6 16. Rfe1 Be5 17. Rad1 Kb8 18. Nd5 c6 19. Nc3 Qc4 20. a3 h5 21. h4 Rdg8 22.
Re4 Qe6 23. Kg2 f5 24. Ree1 f6 25. Kf1 Rg4 26. Ne2 Qc8 27. c3 Rhg8 28. Rd3 c5 29.
Red1 Qc7 30. Ke1 Qb6 31. R1d2 f4 32. Nxf4 Bxf4 33. gxf4 Rg1+ 34. Ke2 Qb3 35. Rd7 Re8+ 36.
Kd3 c4+ 37. Kd4 Rc8 38. Qd5 Qb6+ 39. Ke4 Re8+ 40. Kf3 Rf1 41. Qd6+ Qxd6 42. R7xd6 Rf8 43. Rd8+ Rxd8 44. Rxd8+ Ka7 45. Rh8 Rb1 46. Rxh5 Rxb2 47. Rc5 b5 48. h5 Rc2 49. h6 Rxc3+ 50. Kg4 Rc1 51. Rh5 Rg1+ 52. Kf5 Rg8 53. h7 Rh8 54. Kxf6 a5 55. Kg7 Rxh7+ 56. Kxh7 Kb6 57. f5 c3 58. f6 c2 59. Rh1 b4 60. f7 b3 61. f8=Q Kb5 62. Qf6 Kc4 63. Qb2 a4 64. Rc1 Kd3 65. f4 1-0

[Event "*** SCC Grand Prix: Titled Tuesday Blitz"]
[Site "Chess.com"]
[Date "2020.08.25"]
[Round "6"]
[White "Parhamov"]
[Black "swimmerchess"]
[Result "1/2-1/2"]
[WhiteElo "3011"]
[BlackElo "2837"]
[TimeControl "180+1"]
[EndTime "11:09:52 PDT"]
[Termination "Game drawn by repetition"]

1. e4 c5 2. Nc3 Nc6 3. Bb5 Nd4 4.
Nf3 g6 5. Nxd4 cxd4 6. Ne2 Bg7 7.
O-O a6 8. Bc4 Nf6 9. e5 Ng4 10.
f4 d6 11. h3 Nh6 12. c3 dxe5 13. fxe5 b5 14. Bb3 d3 15. Nf4 O-O 16. Qf3 Qb6+ 17. Kh1 Bb7 18. Bd5 Bxd5 19. Nxd5 Qd8 20. Nb4 Bxe5 21. Nxd3 Bg7 22. Nb4 e5 23. d4 exd4 24. Nc6 Qd7 25. Nxd4 Rfe8 26. Bxh6 Bxh6 27. Rad1 Rac8 28. a3 Bg7 29. Nc2 Qe6 30. Nb4 Rcd8 31. Nd5 Rd7 32. Nf4 Qe7 33. Nd5 Qd8 34. Rd3 f5 35.
Rfd1 Kh8 36. Qg3 Be5 37. Qf2 Rd6 38. Qa7 Ree6 39. Nb4 a5 40. Nd5 a4 41. Qc5 Rd7 42. Qxb5 Red6 43. c4 Qh4 44. Qxa4 Rxd5 45. Rxd5 Qg3 46.
Qa8+ Bb8 47. Qxb8+ Qxb8 48. Rxd7 Qxb2 49. Rd8+ Kg7 50.
R8d7+ Kh6 51. c5 Qxa3 52. c6 Qc3 53. c7 f4 54. Rf1 g5 55. Re7 Kg6 56. Rfe1 h6 57.
Rd1 Kh5 58. Red7 f3 59. R7d4 fxg2+ 60. Kxg2 Qxc7 61. Rd5 Qc2+ 62. R1d2 Qe4+ 63. Kh2 Qf4+ 64. Kg2 Qe4+ 65. Kh2 Qf4+ 66. Kg2 Qe4+ 1/2-1/2

[Event "*** SCC Grand Prix: Titled Tuesday Blitz"]
[Site "Chess.com"]
[Date "2020.08.25"]
[Round "6"]
[White "NoboaKevin1999"]
[Black "novocane"]
[Result "0-1"]
[WhiteElo "2412"]
[BlackElo "2275"]
[TimeControl "180+1"]
[EndTime "11:09:53 PDT"]
[Termination "novocane won by checkmate"]

1. d4 Nf6 2. c4 e6 3. Nc3 Bb4 4. e3 O-O 5. Bd3 d5 6. a3 Bxc3+ 7. bxc3 c5 8. cxd5 Qxd5 9. Nf3 b6 10. O-O Ba6 11. Re1 Bxd3 12. Qxd3 c4 13. Qc2 Ne4 14. Ne5 Nc6 15. f3 Nf6 16. e4 Nxd4 17. cxd4 Qxd4+ 18.
Be3 Qxe5 19. Qxc4 Rfc8 20. Qa4 h6 21. Bd4 Qg5 22. Rad1 Nh5 23. Be3 Qg6 24. Rd7 a6 25. Bxb6 Nf4 26. g3 e5 27. Be3 Rc3 28. Qa5 Rac8 29. Rd8+ Kh7 30. Rxc8 Rxc8 31. Qd2 Ne6 32. Qe2 Rc3 33. Qxa6 Rxe3 34. Rxe3 Nd4 35. Qxg6+ Kxg6 36. a4 Nc2 37. Rc3 Nd4 38. a5 Ne2+ 39. Kf2 Nxc3 40. a6 Nb5 41. Ke3 f5 42. Kd3 fxe4+ 43. fxe4 Kf6 44.
Kc4 Nc7 45. a7 Kg5 46. Kc5 Kg4 47. Kd6 Nb5+ 48. Kxe5 Nxa7 49. Ke6 Nc6 50. Kf7 g5 51. Kg6 h5 52. Kf6 Nd4 53. e5 Nc6 54. e6 h4 55.
gxh4 gxh4 56. e7 Nxe7 57. Kxe7 Kh3 58. Kf6 Kxh2 59. Kg5 Kg3 60. Kf5 h3 61. Kg5 h2 62.
Kf5 h1=Q 63. Kg5 Qf3 64. Kg6 Qf4 65. Kh7 Qg5 66. Kh8 Kf4 67. Kh7 Kf5 68. Kh8 Kf6 69. Kh7 Qg7# 0-1